 Dungeon Crawl Stone Soup version 0.29-a0-275-g389c0b56f3 (webtiles) character file.

Game seed: 7059003046180197682

101 Conn the Firebug (level 4, -2/27 HPs)
             Began as an Octopode Fire Elementalist on Mar 12, 2022.
             Slain by an ufetubus (3 damage)
             ... summoned by Eustachio
             ... on level 4 of the Dungeon.
             The game lasted 00:06:11 (3650 turns).

Conn the Firebug (Octopode Fire Elementalist)       Turns: 3650, Time: 00:06:12

Health: -2/27      AC:  1    Str:  7      XL:     4   Next: 75%
Magic:  5/8        EV: 13    Int: 19      God:
Gold:   190        SH:  5    Dex: 10 (12) Spells: 1/8 levels left

rFire   . . .      SeeInvis .   h - +0 dagger
rCold   . . .      Faith    .   (no shield)
rNeg    . . .      Spirit   .   (helmet restricted)
rPois   .          Reflect  +   f - amulet of reflection
rElec   .          Harm     .   (no ring)
rCorr   .          Rampage  .   (no ring)
Will    .....                   (no ring)
Stlth   +++.......              (no ring)
HPRegen 0.09/turn               (no ring)
MPRegen 0.11/turn               (no ring)
                                (no ring)
                                (no ring)

@: lethally poisoned (-2 -> -4)
A: almost no armour, amphibious, 8 rings, camouflage 1, gelatinous body 1,
(nimble swimmer 1), tentacles
a: no special abilities


You were on level 4 of the Dungeon.
You visited 1 branch of the dungeon, and saw 4 of its levels.

You collected 190 gold pieces.

Inventory:

Hand Weapons
 h - a +0 dagger (weapon)
Magical Staves
 s - a staff of death
Jewellery
 f - an amulet of reflection (around mantle)
Scrolls
 c - a scroll of teleportation {unknown}
 d - a scroll of immolation {unknown}
 e - 3 scrolls of identify {unknown}
 j - a scroll of holy word {unknown}
 l - a scroll of fog {unknown}
 p - a scroll of enchant weapon {unknown}
 q - a scroll of torment {unknown}
 r - a scroll of enchant armour {unknown}
Potions
 a - a potion of magic
 b - 2 potions of curing {unknown}
 g - a potion of degeneration {unknown}
 i - 2 potions of lignification {unknown}
 k - 2 potions of berserk rage {unknown}
 m - a potion of heal wounds {unknown}
 n - a potion of might {unknown}
 o - a potion of attraction {unknown}


   Skills:
 + Level 0.2 Fighting
 + Level 2.2 Dodging
 + Level 3.2 Stealth
 + Level 2.6 Spellcasting
 + Level 2.7 Conjurations
 + Level 3.6 Fire Magic


You had one spell level left.
You knew the following spells:

 Your Spells              Type           Power      Damage    Failure   Level
a - Foxfire               Conj/Fire      56%        2x1d6     4%          1
b - Conjure Flame         Conj/Fire      14%        6-21      13%         3
c - Inner Flame           Hex/Fire       9%         N/A       22%         3

Your spell library contained the following spells:

 Spells                   Type           Power      Damage    Failure   Level
 Animate Skeleton         Necr           4%         N/A       16%         1
 Apportation              Tloc           4%         N/A       16%         1
 Summon Small Mammal      Summ           8%         N/A       16%         1
 Scorch                   Fire           32%        2d6       5%          2
 Flame Wave               Conj/Fire      14%        2d6       38%         4


Dungeon Overview and Level Annotations

Branches:
Dungeon (4/15)
 Temple: D:4-7

Altars:

Shops:
D:1 (

Annotations:
D:4 Eustachio


Innate Abilities, Weirdness & Mutations

You cannot wear most types of armour.
You are amphibious.
You can wear up to eight rings at the same time.
Your skin changes colour to match your surroundings (Stealth+).
Your rubbery body absorbs attacks. (AC +1, EV +1)
((You are camouflaged when in or above water. (Stealth+)))
You have tentacles for arms and can constrict up to eight enemies at once.


Message History

Eustachio is moderately wounded.
The foxfire hits Eustachio but does no damage.
Eustachio is moderately wounded.
Eustachio hits you with a +0 falchion.
The kobold throws a poisoned dart.
The poisoned dart hits you.
You are poisoned.
Casting: Foxfire (safe; 4% risk of failure)
Confirm with . or Enter, or press ? or * to list all spells.
You conjure some foxfire!
You constrict Eustachio.
You feel sick.
The foxfire hits the kobold but does no damage.
The foxfire hits the kobold.
You kill the kobold!
Eustachio mumbles some strange words.
You hit Eustachio but do no damage. You squeeze Eustachio.
Eustachio is moderately wounded.
You constrict Eustachio.
You feel sick.
The foxfire hits Eustachio but does no damage.
Eustachio is heavily wounded.
The foxfire hits Eustachio but does no damage.
Eustachio is heavily wounded.
The ufetubus closely misses you. The ufetubus completely misses you.
The quasit bites you.
You feel clumsy.
The quasit claws you. x2; Eustachio hits you with a +0 falchion.
* * * LOW HITPOINT WARNING * * *
Unknown command.
Okay, then.
Unknown command.
Unknown command.
You release your grip on Eustachio.
Eustachio attacks as you move away! You block Eustachio's attack.
You feel sick. You block the ufetubus's attack. The ufetubus misses you.
The quasit bites you.
* * * LOW HITPOINT WARNING * * *
You feel clumsy. The quasit claws you.
* * * LOW HITPOINT WARNING * * *
The quasit claws you.
* * * LOW HITPOINT WARNING * * *
You block the ufetubus's attack. The ufetubus hits you.
You die...

#######
#.....#
#^....#
#..5..#
#@.5..#
#.?@).#
###5### #.#
##.####.#####
........##..
#..##.#.##.#
#..##.#.##.#
#<.........#
#.##..#.##.#


You could see Eustachio (empowered), an iron imp (summoned), a quasit (summoned)
and an ufetubus (summoned).

Vanquished Creatures
  4 adders
  2 worms
  2 dart slugs
  7 orcs (D:3)
  5 ball pythons
  4 bats
  4 endoplasms
  4 goblins
  4 hobgoblins
  2 quokkas
  3 frilled lizards
  5 kobolds
  3 rats
49 creatures vanquished.

Vanquished Creatures (others)
  165 foxfires
165 creatures vanquished.

Grand Total: 214 creatures vanquished

Notes
Turn   | Place    | Note
-------+----------+-------------------------------------------
     0 | D:1      | Conn the Octopode Fire Elementalist began the quest for the
                  | Orb.
     0 | D:1      | Reached XP level 1. HP: 11/11 MP: 3/3
    87 | D:1      | Found Cevuk's Weapon Emporium.
   376 | D:1      | Found a faded altar of an unknown god.
   466 | D:1      | Reached XP level 2. HP: 17/17 MP: 3/5
  1561 | D:2      | Reached XP level 3. HP: 21/21 MP: 3/6
  2665 | D:3      | Reached XP level 4. HP: 27/27 MP: 0/7
  3428 | D:3      | Learned a level 3 spell: Conjure Flame
  3432 | D:3      | Learned a level 3 spell: Inner Flame
  3642 | D:4      | Noticed Eustachio
  3650 | D:4      | HP: 1/27 [quasit[Eustachio] (1)]
  3650 | D:4      | Slain by an ufetubus

Illustrated notes

Levels and vault maps discovered:
D:1:      dpeg_arrival_three_same_balls, layout_basic, serial_shops,
          nicolae_shop_statue_plus, chequers_ecumenical_altar_island
D:2:      layout_basic
D:3:      layout_rooms, serial_rivers, chequers_serial_rivers_micro_c,
          chequers_serial_rivers_micro_d, chequers_serial_rivers_micro_a,
          chequers_serial_rivers_micro_e, chequers_serial_rivers_micro_c,
          chequers_serial_rivers_micro_d, kennysheep_cross_bottleneck
D:4:      layout_loops_cross, corexii_corridor_pit, uniq_eustachio

Skill      XL: |  1  2  3 |
---------------+----------+-----
Stealth        | 3 |  3.2
Conjurations   | 2 |  2.7
Fighting       | |  0.2
Dodging        | |  2.2
Spellcasting   | |  2.6
Fire Magic     | |  3.6

Action                   |  1- 3 |  4- 6 || total
-------------------------+-------+-------++-------
Melee: Dagger            |    14 |    15 ||    29
       Constrict         |     4 |     4 ||     8
       Unarmed           |     3 |       ||     3
       Tentacles         |     2 |     6 ||     8
 Cast: Foxfire           |    71 |    28 ||    99
 Stab: Sleeping          |     3 |     1 ||     4
Armor: Skin              |       |     1 ||     1
Dodge: Dodged            |    11 |     7 ||    18
Block: Other             |     1 |     6 ||     7
       Reflection        |       |     1 ||     1

Table legend: (Time is in decaauts)
 A = Elapsed time spent in this place.
 B = Non-inter-level travel time spent in this place.
 C = Inter-level travel time spent in this place.
 D = Time resting spent in this place.
 E = Time spent auto-exploring this place.
 F = Levels seen in this place.
 G = Mean time per level.
                   A        B        C        D        E       F      G
               +--------+--------+--------+--------+--------+-----+--------+
         Total |   3648 |   3459 |    189 |     62 |   2707 |   4 |  912.0 |
       Dungeon |   3648 |   3459 |    189 |     62 |   2707 |   4 |  912.0 |
               +--------+--------+--------+--------+--------+-----+--------+

Top non-repeatable levels by time:
     D:2: 1311 daAuts
     D:3: 1090 daAuts
     D:1: 1058 daAuts
     D:4: 187 daAuts
